 Dungeon Crawl Stone Soup version 0.31-a0-844-gdc52ec4e09 (webtiles) character file.

Game seed: 3188237389778998232

324 lonewolfV2 the Chopper (level 6, -7/48 HPs)
             Began as a Formicid Fighter on Sept 29, 2023.
             Was an Initiate of Gozag.
             Mangled by Menkaure (17 damage)
             ... on level 4 of the Dungeon.
             The game lasted 00:04:29 (2971 turns).

lonewolfV2 the Chopper (Formicid Fighter)           Turns: 2971, Time: 00:04:30

Health: -7/48      AC:  7    Str: 22    XL:     6   Next: 77%
Magic:  6/6        EV: 15    Int:  8    God:    Gozag
Gold:   218        SH:  5    Dex: 13    Spells: 5/5 levels left

rFire   + . .        a - +0 war axe
rCold   x . .        c - +0 buckler
rNeg    . . .        b - +0 scale mail
rPois   .            (helmet unavailable)
rElec   .            (no cloak)
rCorr   .            (no gloves)
SInv    +            (no boots)
Will    .....        f - amulet of the acrobat Stlth
                     l - +5 ring of evasion
HPRegen 0.28/turn    d - ring of fire
MPRegen 0.10/turn

%: acrobat
@: gold aura
A: permanent stasis, dig shafts and tunnels, antennae 3, four strong arms
a: Dig, Shaft Self, Renounce Religion, Potion Petition, Call Merchant, Bribe
Branch


You were on level 4 of the Dungeon.
You worshipped Gozag.
Gozag was aware of your devotion.
You visited 1 branch of the dungeon, and saw 4 of its levels.

You collected 271 gold pieces.
You paid 53 gold pieces to Gozag.

Inventory:

Hand Weapons
 a - a +0 war axe (weapon)
Armour
 b - a +0 scale mail (worn)
 c - a +0 buckler (worn)
Jewellery
 d - a ring of fire (right hand)
 f - an amulet of the acrobat (around neck)
 l - a +5 ring of evasion (left hand)
Scrolls
 e - a scroll of silence
 h - a scroll of blinking {unknown}
Potions
 i - 2 potions of attraction


   Skills:
 + Level 4.1 Fighting
 + Level 4.8 Axes
 + Level 4.8 Armour
 + Level 1.0 Dodging
 + Level 0.1 Stealth
 + Level 4.5 Shields


You had 5 spell levels left.
You didn't know any spells.
Your spell library contained the following spells:

 Spells                   Type           Power      Damage    Failure   Level
 Manifold Assault         Tloc           0%         N/A       100%        4
 Blink                    Tloc           Unusable   N/A       N/A         2

Dungeon Overview and Level Annotations

Branches:
Dungeon (4/15)
 Temple: D:4-7

Altars:
Ashenzari
Gozag
Vehumet

Shops:
D:3 *   D:4 !

Annotations:
D:4 Menkaure


Innate Abilities, Weirdness & Mutations

You cannot be hasted, slowed, berserked, paralysed or teleported.
You can dig through walls and to a lower floor.
You have a pair of large antennae on your head. (SInv)
Your four strong arms can wield two-handed weapons with a shield.


Message History

It was a potion of haste.
Your stasis prevents you from being hasted.
The orc barely misses you. x2; The endoplasm closely misses you.
You closely miss the orc.
The orc is heavily wounded.
You slash the endoplasm!
You kill the endoplasm!
You miss the orc.
You feel less invigorated.
You feel less confused.
A scorpion comes into view.
The orc misses you. The orc hits you with a +0 short sword.
Menkaure is distracted by your dazzling golden aura.
The orc misses you. The orc barely misses you.
Menkaure shouts!
You slash the orc!
You kill the orc!
You hit the orc.
You kill the orc!
The hobgoblin is distracted by your dazzling golden aura.
Things that are here:
6 gold pieces; a +0 short sword The hobgoblin shouts!
You slash Menkaure!
Menkaure is no longer distracted by gold.
Menkaure is heavily damaged.
The hobgoblin is no longer distracted by gold.
Menkaure casts a spell at you. Pain shoots through your body!
You slash Menkaure!
Menkaure is severely damaged.
Menkaure calls on the powers of darkness!
The hobgoblin convulses!
Your body is wracked with pain!
* * * LOW HITPOINT WARNING * * *
The scorpion convulses!
Menkaure hits you but does no damage.
You barely miss Menkaure.
Menkaure is severely damaged.
An orc wizard comes into view. It is wielding a +0 dagger.
Menkaure hits you!
You die...
Your body crumbles into a pile of gold.

#
###......####.#
#8...8.##...#
###.##.!....#
#.##...$..#
####.##$$$...#
{.......$.....#
##...##$.....##
#....#.$$.....##
..# #@$.........
. #M####......
#g# ....... #s#
....... #.#
..(.. #.# .....
..# { .o.


You could see Menkaure (fast), a scorpion, an orc wizard and a hobgoblin.

Vanquished Creatures
  A black bear (D:3)
  A howler monkey (D:4)
  Terence (D:2)
  An orc wizard (D:4)
  4 gnolls (D:3)
  2 adders (D:2)
  An ufetubus (D:4)
  2 worms
  A dart slug (D:4)
  8 orcs
  5 ball pythons
  7 endoplasms
  2 giant cockroaches (D:3)
  6 goblins
  3 hobgoblins
  2 jackals (D:2)
  8 kobolds
  2 quokkas
  9 bats
  2 frilled lizards
  10 rats
78 creatures vanquished.

Notes
Turn   | Place    | Note
-------+----------+-------------------------------------------
     0 | D:1      | lonewolfV2 the Formicid Fighter began the quest for the
                  | Orb.
     0 | D:1      | Reached XP level 1. HP: 18/18 MP: 1/1
   156 | D:1      | Reached XP level 2. HP: 21/24 MP: 2/2
   371 | D:1      | Reached XP level 3. HP: 29/29 MP: 3/3
   870 | D:2      | Found a faded altar of an unknown god.
  1056 | D:2      | Reached XP level 4. HP: 25/35 MP: 4/4
  1132 | D:2      | Noticed Terence
  1147 | D:2      | Killed Terence
  1777 | D:3      | Found a broken altar of Ashenzari.
  1872 | D:3      | Reached XP level 5. HP: 28/41 MP: 5/5
  1886 | D:3      | HP: 2/41 [gnoll/+0 spear (3)]
  2187 | D:3      | Found an opulent altar of Gozag.
  2192 | D:3      | Found Gozag's Platinum Reserve.
  2207 | D:3      | Became a worshipper of Gozag Ym Sagoz the Greedy
  2309 | D:3      | Noticed a black bear
  2313 | D:3      | Killed a black bear
  2314 | D:3      | Reached XP level 6. HP: 27/48 MP: 6/6
  2816 | D:4      | Found a radiant altar of Vehumet.
  2908 | D:4      | Found Ippecsargh's Distillery.
  2952 | D:4      | Reached skill level 1 in Dodging
  2957 | D:4      | Noticed Menkaure
  2971 | D:4      | Mangled by Menkaure

Illustrated notes

Levels and vault maps discovered:
D:1:      minmay_arrival_floating_metal, layout_rooms,
          minmay_misc_feat_diagonals
D:2:      layout_basic, basic_ecumenical_altar, hangedman_decor_points,
          uniq_terence
D:3:      layout_basic, evilmike_ruin_ashenzari,
          nicolae_gozag_zags_fifth_avenue, moated_statue
D:4:      layout_rooms, vehumet_crystals, serial_shops, nicolae_stop_n_shop_1,
          uniq_menkaure

Skill      XL: |  1  2  3  4  5  6 |
---------------+-------------------+-----
Axes           | 3 4 |  4.8
Armour         | 4 |  4.8
Fighting       | 4 |  4.1
Dodging        | 1 |  1.0
Stealth        | |  0.1
Shields        | |  4.5

Action                     |  1- 3 |  4- 6 || total
---------------------------+-------+-------++-------
  Melee: War axe           |    71 |   135 ||   206
    Use: Scroll            |       |     5 ||     5
         Potion            |       |     4 ||     4
 Armour: Scale mail        |   102 |   123 ||   225
  Dodge: Dodged            |    62 |   129 ||   191
  Block: Buckler           |    33 |    36 ||    69

Table legend: (Time is in decaauts)
 A = Elapsed time spent in this place.
 B = Non-inter-level travel time spent in this place.
 C = Inter-level travel time spent in this place.
 D = Time resting spent in this place.
 E = Time spent auto-exploring this place.
 F = Levels seen in this place.
 G = Mean time per level.
                   A        B        C        D        E       F      G
               +--------+--------+--------+--------+--------+-----+--------+
         Total |   3058 |   2943 |    115 |    367 |   1875 |   4 |  764.5 |
       Dungeon |   3058 |   2943 |    115 |    367 |   1875 |   4 |  764.5 |
               +--------+--------+--------+--------+--------+-----+--------+

Top non-repeatable levels by time:
     D:3: 1251 daAuts
     D:1: 819 daAuts
     D:2: 805 daAuts
     D:4: 182 daAuts
